 Dungeon Crawl Stone Soup version 0.30.1-4-g462c640d31 (webtiles) character file.

Game seed: 6168067581776642067

5033 hawla the Thaumaturge (level 11, -7/82 HPs)
             Began as a Meteoran Fire Elementalist on Aug 26, 2023.
             Was a Follower of Vehumet.
             Mangled by an orc warrior
             ... wielding a +0 war axe
              (11 damage)
             ... in a bailey.
             The game lasted 00:18:40 (3818 turns).

hawla the Thaumaturge (Meteoran Fire Elementalist)  Turns: 3818, Time: 00:18:41

Health: -7/82      AC: 17    Str:  9 (10) XL:     11   Next: 10%
Magic:  9/34       EV: 13    Int: 20 (23) God:    Vehumet [*.....]
Gold:   1056       SH:  0    Dex: 14 (15) Spells: 16/29 levels left

rFire   . . .        f - +4 morningstar
rCold   + . .        (no shield)
rNeg    . . .        n - +5 leather armour of Suitabig {Rampage Regen+ MP+9 Int+2}
rPois   .            e - +0 helmet of Gallantry {rC+ rCorr}
rElec   .            s - +1 cloak
rCorr   +            A - +1 pair of gloves
SInv    .            c - +2 pair of boots
Will    +....        (no amulet)
Stlth   +            h - ring of wizardry
HPRegen 1.13/turn    (no ring)
MPRegen 0.24/turn

%: rampage, wizardry (x1)
@: mighty, glowing
A: sense surroundings 2, otherworldly, glowing, explore regen
a: Renounce Religion


You were in a bailey.
You worshipped Vehumet.
Vehumet was aware of your devotion.
You visited 2 branches of the dungeon, and saw 9 of its levels.
You also visited: Bailey.

You collected 1056 gold pieces.

Inventory:

Hand Weapons
 f - a +4 morningstar (weapon)
Armour
 c - a +2 pair of boots (worn)
 e - the +0 helmet of Gallantry (worn) {rC+ rCorr}
   (You acquired it in the Ecumenical Temple)

   rC:        It protects you from cold.
   rCorr:     It protects you from acid and corrosion.
 n - the +5 leather armour of Suitabig (worn) {Rampage Regen+ MP+9 Int+2}
   (You found it on level 5 of the Dungeon)

   Int:       It affects your intelligence (+2).
   MP:        It affects your magic capacity (+9).
   Regen:     It increases your rate of health regeneration.
   Rampage:   It bestows one free step when moving towards enemies.
 s - a +1 cloak (worn)
 A - a +1 pair of gloves (worn)
Jewellery
 h - a ring of wizardry (left hand)
Wands
 w - a wand of light (9)
 z - a wand of charming (12)
 C - a wand of flame (17) (quivered)
Scrolls
 b - 3 scrolls of identify
 g - 2 scrolls of enchant weapon
 i - a scroll of fog
 m - a scroll of amnesia
Potions
 a - a potion of might
 d - a potion of cancellation
 k - 2 potions of attraction
 l - 3 potions of curing
 o - a potion of flight
 q - a potion of brilliance
 r - a potion of haste
 B - a potion of ambrosia {unknown}
 D - 2 potions of mutation {unknown}


   Skills:
 + Level 3.3 Fighting
 + Level 9.4 Maces & Flails
 - Level 4.0 Armour
 + Level 4.7 Dodging
 - Level 1.4 Stealth
 + Level 9.6 Spellcasting
 + Level 6.6 Conjurations
 + Level 2.8 Translocations
 + Level 9.0 Fire Magic
 + Level 1.3 Evocations


You had 16 spell levels left.
You knew the following spells:

 Your Spells              Type           Power      Damage    Failure   Level
a - Foxfire               Conj/Fire      100%       2x1d9     1%          1
b - Scorch                Fire           90%        2d8       1%          2
c - Iskenderun's Mystic   Conj/Tloc      28%        2d7       6%          4
d - Flame Wave            Conj/Fire      40%        2d11      1%          4
e - Blink                 Tloc           42%        N/A       1%          2

Your spell library contained the following spells:

 Spells                   Type           Power      Damage    Failure   Level
 Sandblast                Erth           18%        2d7       4%          1
 Lesser Beckoning         Tloc           42%        N/A       1%          2
 Momentum Strike          Conj/Tloc      56%        3d9       1%          2
 Inner Flame              Hex/Fire       27%        N/A       1%          3
 Volatile Blastmotes      Fire/Tloc      66%        2d15      1%          3
 Sticky Flame             Conj/Fire      40%        2d6       1%          4
 Gell's Gravitas          Tloc           21%        N/A       3%          3
 Ignite Poison            Fire/Tmut/Pois 21%        N/A       3%          3
 Teleport Other           Tloc           21%        N/A       3%          3
 Fulminant Prism          Conj/Hex       11%        3d9       11%         4
 Anguish                  Hex/Necr       4%         N/A       36%         4
 Cause Fear               Hex            4%         N/A       36%         4
 Lee's Rapid Deconstruct  Erth           4%         3d5*      69%         5
 Ignition                 Fire           22%        3d8       99%         8
 Enfeeble                 Hex            4%         N/A       100%        7


Dungeon Overview and Level Annotations

Branches:
Dungeon (8/15) Zot: 1180   Temple (1/1) D:7 Zot: 571  Bailey (1/1) Zot: 396
   Lair: D:8-11

Altars:
Cheibriados
Hepliaklqana
Kikubaaqudgha
Makhleb
Okawaru
Qazlal
Ru
Uskayaw
Vehumet
Xom
Yredelemnul
Zin

Shops:
D:3 (


Innate Abilities, Weirdness & Mutations

You passively map the area around you.
You are easily found by Zot.
You glow in the dark.
You regain HP and MP as you explore.


Message History

Cast which spell? (? or * to list) Flames lash the orc knight.
The orc knight is heavily wounded.
The orc knight's fire resistance burns away.
An orc warrior comes into view. It is wielding a +0 war axe.
Your orc misses the orc knight.
Casting: Scorch (safe; 1% risk of failure)
Confirm with . or Enter, or press ? or * to list all spells.
Flames lash the orc knight.
The orc knight is burned terribly!
The orc knight is heavily wounded.
The orc warrior shouts!
You hear a shout! x2
Your orc dissolves into shadows!
The orc warrior no longer looks unusually strong.
The orc knight hits you with a +0 war axe!
* * * LOW HITPOINT WARNING * * *
You hear a shout! x2
You feel better. The orc knight barely misses you.
You feel very mighty all of a sudden. The orc warrior closely misses you.
The orc knight hits you with a +0 war axe!
* * * LOW HITPOINT WARNING * * *
You puncture the orc knight!
The orc knight is severely wounded.
The orc warrior closely misses you.
The orc knight hits you with a +0 war axe!
* * * LOW HITPOINT WARNING * * *
Casting: Scorch (safe; 1% risk of failure)
Confirm with . or Enter, or press ? or * to list all spells.
You erupt in a blast of force!
The mystic blast hits the orc knight.
The orc knight is severely wounded.
The orc knight is knocked back by the mystic blast.
The orc knight slams into the stone wall!
The orc knight is almost dead.
The mystic blast hits the orc warrior.
The orc warrior is lightly wounded.
The orc warrior is knocked back by the mystic blast.
The orc warrior slams into the stone wall!
The orc warrior is moderately wounded.
The orc warrior hits you with a +0 war axe!
You die...

....#....#, #..#.~≈≈≈≈≈#
#####....# , #..#.~≈≈≈≈≈#
...##....#########.~≈≈≈≈≈#
...##....#..8.8..#.~≈≈≈≈≈#
⌠..##.._.'.4)..)..∩~≈≈≈≈≈#
...##....#).8.8..#.~≈≈≈≈≈#
...##....#########.~≈≈≈≈≈#
#####....#.o'.#..#.~≈≈≈≈≈#
). #...o#[[#.#o@#g~≈≈≈≈≈#
....#...o'[[#.)o.#o~S≈≈≈≈#
#...##############.#≈≈≈≈≈#
*.8.8.8 ..#≈≈≈≈≈# * ....
,, , ,* ≈~* #### * ** + ~
,,,, , ~ ~ * *** ~~~ ~ ~ ~
~


You could see an orc knight (combustible), 2 orc warriors, an electric eel and a
hobgoblin.

Vanquished Creatures
  An orc knight (Bailey)
  A kobold demonologist (Bailey)
  The ghost of Cheops the Vexing, an amateur DECj of Vehumet (D:5)
  The ghost of Xrynn the Covert, an amateur SpEn of Makhleb (D:5)
  A water moccasin (D:7)
  5 orc warriors (Bailey)
  A black bear (D:5)
  4 ice beasts
  An ogre (D:4)
  2 phantoms (D:5)
  A kobold brigand (D:6)
  3 scorpions
  26 wights
  4 howler monkeys
  An electric eel (Bailey)
  3 jellies
  2 orc priests (D:4)
  A hound (D:4)
  2 iguanas
  3 sleepcaps
  2 orc wizards
  3 gnolls (Bailey)
  5 adders
  4 shadow imps
  2 white imps
  2 worms
  3 dart slugs
  14 orcs
  A bat (D:3)
  5 endoplasms
  10 goblins
  2 hobgoblins
  6 jackals
  8 kobolds
  2 quokkas (D:4)
  3 ball pythons
136 creatures vanquished.

Vanquished Creatures (collateral kills)
  An orc sorcerer (Bailey)
  A bullfrog (D:8)
2 creatures vanquished.

Vanquished Creatures (others)
  75 foxfires
75 creatures vanquished.

Grand Total: 213 creatures vanquished

Notes
Turn   | Place    | Note
-------+----------+-------------------------------------------
     0 | D:1      | hawla the Meteoran Fire Elementalist began the quest for
                  | the Orb.
     0 | D:1      | Reached XP level 1. HP: 14/14 MP: 5/5
    78 | D:2      | Reached XP level 2. HP: 20/20 MP: 2/7
   106 | D:3      | Learned a level 2 spell: Scorch
   142 | D:3      | Found Ihe Ocla's Antique Weapon Shop.
   180 | D:3      | Found a hide-covered altar of Uskayaw.
   274 | D:4      | Noticed a hound
   276 | D:4      | Killed a hound
   277 | D:4      | Reached XP level 3. HP: 26/26 MP: 3/9
   277 | D:4      | Reached XP level 4. HP: 33/33 MP: 3/10
   282 | D:4      | Learned a level 4 spell: Iskenderun's Mystic Blast
   316 | D:4      | Reached skill level 1 in Translocations
   392 | D:4      | Reached XP level 5. HP: 33/38 MP: 4/11
   569 | D:4      | Found an ancient bone altar of Kikubaaqudgha.
   586 | D:4      | Reached skill level 5 in Fire Magic
   606 | D:4      | Learned a level 4 spell: Flame Wave
   834 | D:4      | Reached XP level 6. HP: 45/45 MP: 10/13
  1056 | D:4      | Noticed an ogre
  1062 | D:4      | Killed an ogre
  1184 | D:5      | Entered Level 5 of the Dungeon
  1210 | D:5      | Reached skill level 5 in Conjurations
  1210 | D:5      | Reached XP level 7. HP: 50/50 MP: 3/14
  1229 | D:5      | Reached skill level 1 in Maces & Flails
  1229 | D:5      | Reached skill level 5 in Spellcasting
  1235 | D:5      | Identified the +5 leather armour of Suitabig {Rampage
                  | Regen+ MP+9 Int+2}
  1328 | D:5      | Reached XP level 8. HP: 57/57 MP: 17/17
  1392 | D:5      | Reached skill level 1 in Armour
  1652 | D:5      | Found an iron altar of Okawaru.
  1653 | D:5      | Found a hazy altar of Hepliaklqana.
  1725 | D:5      | Found a runed translucent gate.
  1726 | D:5      | Found a runed translucent gate.
  1726 | D:5      | Found a runed translucent gate.
  1728 | D:5      | Noticed Xrynn's ghost (amateur SpEn)
  1728 | D:5      | Noticed Cheops's ghost (amateur DECj)
  1739 | D:5      | Killed Xrynn's ghost
  1740 | D:5      | Killed Cheops's ghost
  1741 | D:5      | Gained mutation: You passively map the area around you.
                  | [Meteoran growth]
  1741 | D:5      | Reached XP level 9. HP: 48/63 MP: 11/19
  1806 | D:6      | Reached skill level 1 in Fighting
  2148 | D:6      | Found a stormy altar of Qazlal.
  2638 | D:7      | Found a sacrificial altar of Ru.
  2639 | D:7      | Found a glowing silver altar of Zin.
  2670 | D:7      | Reached XP level 10. HP: 73/73 MP: 21/23
  2671 | D:7      | Reached skill level 5 in Maces & Flails
  2768 | D:7      | Found a staircase to the Ecumenical Temple.
  2900 | D:7      | Reached skill level 1 in Evocations
  2922 | Temple   | Entered the Ecumenical Temple
  2935 | Temple   | Identified 2 scrolls of acquirement
  2935 | Temple   | Acquired 774 gold pieces
  2937 | Temple   | Acquired the +0 helmet of Gallantry {rC+ rCorr}
  2945 | Temple   | Became a worshipper of Vehumet
  3604 | D:8      | Found a flagged portal.
  3617 | Bailey   | Entered a bailey
  3624 | Bailey   | Learned a level 2 spell: Blink
  3648 | Bailey   | Noticed an orc knight
  3663 | Bailey   | Killed an orc knight
  3663 | Bailey   | Reached * piety under Vehumet
  3663 | Bailey   | Offered knowledge of Sandblast by Vehumet.
  3719 | Bailey   | Noticed a kobold demonologist
  3739 | Bailey   | Killed a kobold demonologist
  3769 | Bailey   | Noticed an orc knight
  3771 | Bailey   | Reached XP level 11. HP: 82/82 MP: 11/25
  3771 | Bailey   | Noticed an orc sorcerer
  3772 | Bailey   | Found an iron altar of Okawaru.
  3785 | Bailey   | Found the +2 shield of Resistance {rF++ rC++ Will++}
  3798 | Bailey   | Noticed a smoke demon
  3806 | Bailey   | Killed an orc sorcerer
  3817 | Bailey   | HP: 3/82 [orc knight/+0 war axe (13)]
  3818 | Bailey   | Mangled by an orc warrior

Illustrated notes

Levels and vault maps discovered:
D:1:      reono_arrival_mine, layout_loops_ring, serial_rivers,
          chequers_serial_rivers_micro_a, chequers_serial_rivers_micro_e,
          chequers_serial_rivers_micro_a, chequers_serial_rivers_marsh
D:2:      layout_rooms, shapermc_ecumenical_altar_notcrosses,
          dreamdust_princess_corridor, nicolae_elevator_lobby_plus, uniq_sigmund
D:3:      layout_rooms, nicolae_uskayaw_dance_hall, serial_shops,
          nicolae_shop_tiny_statue_garden
D:4:      minmay_evil_eye, layout_loops_corners, mainiacjoe_overflow_alcove_1
D:5:      layout_cave_pools, minitemple, gammafunk_ghost_cemetery,
          minmay_starry_boxes
D:6:      layout_loops_cross, mainiacjoe_overflow_small_starburst
D:7:      layout_loops_cross, chequers_temple_overflow_statue_of_worship,
          minmay_temple_entry_waves
D:8:      layout_loops_ring, enter_bailey_3
Temple:   nicolae_temple_ecumenical_triangle
Bailey:   bailey_axe_of_yendor_kennysheep, bailey

Skill      XL: |  1  2  3  4  5  6  7  8  9 10 11 |
---------------+----------------------------------+-----
Spellcasting   | 3 4 5 6 8 9 |  9.6
Fire Magic     | 4 5 6 7 8 9 |  9.0
Translocations | 1 2 |  2.8
Conjurations   | 2 5 6 |  6.6
Maces & Flails | 1 4 9 |  9.4
Dodging        | 3 4 |  4.7
Armour         | 4 |  4.0
Fighting       | 2 3 |  3.3
Evocations     | 1 |  1.3
Stealth        | |  1.4

Action                     |  1- 3 |  4- 6 |  7- 9 | 10-12 || total
---------------------------+-------+-------+-------+-------++-------
  Melee: Unarmed           |     8 |       |       |       ||     8
         Flail             |       |    27 |    58 |    13 ||    98
         Morningstar       |       |       |       |    50 ||    50
         Punch             |       |       |       |     1 ||     1
   Cast: Foxfire           |    18 |    15 |    12 |     3 ||    48
         Scorch            |     3 |    23 |    34 |    18 ||    78
         Iskenderun's Myst |       |     4 |     7 |    11 ||    22
         Flame Wave        |       |     3 |     8 |    11 ||    22
    Use: Potion            |       |     3 |       |     4 ||     7
         Scroll            |       |       |       |    23 ||    23
   Stab: Distracted        |       |       |       |     1 ||     1
 Armour: Robe              |     4 |    12 |       |       ||    16
         Leather armour    |       |       |    47 |    43 ||    90
  Dodge: Dodged            |     2 |    20 |    43 |    40 ||   105
